Maple Leafs vs Bruins
Created - November 14, 2018 at 19:13
Goals
|
| Maple Leafs |
1 |
2 |
2 |
5 |
| Bruins |
1 |
0 |
1 |
2 |
|
Shots
|
| Maple Leafs |
13 |
14 |
12 |
39 |
| Bruins |
9 |
15 |
5 |
29 |
|
1st period
1. Maple Leafs , T.J Galiardi 2 (Ryan Parent 2) at 15:15
2. Bruins , Nathan Horton 8 (Henrik Sedin 11, Wojtek Wolski 14) at 18:09
Penalties :
Matt Cooke (Bos) for Tripping (Minor) at 12:54
2nd period
3. Maple Leafs , Braydon Coburn 1 (Gilbert Brule 6, Eric Nystrom 1) at 7:03
4. Maple Leafs , Ben Smith 5 (Mark Scheifele 3) at 10:00
Penalties :
Kris Chucko (Bos) for High sticking (Minor) at 12:02, Marc-André Fleury (Tor) for Delaying the game (Minor) at 16:34 - Tobias Enstrom served the penalty, John Klingberg (Tor) for Delaying the game (Minor) at 18:58
3rd period
5. Bruins , Wojtek Wolski 8 (Henrik Sedin 12, Nathan Horton 7) at 2:21
6. Maple Leafs , Jeremy Morin 2 (T.J Galiardi 1) at 15:04
7. Maple Leafs , Jordan Staal 6 (Claude Giroux 12) at 15:22
Penalties :
Nikolai Zherdev (Bos) for Hooking (Minor) at 12:00
Goalie Stats
Marc-André Fleury (Tor), 27 saves from 29 shots - (0.931), W, 4-6-0, 60:00 minutes
Kevin Poulin (Bos), 34 saves from 39 shots - (0.872), L, 5-7-0, 60:00 minutes
Players Stats for Maple Leafs
Player Name G A P +/- PIM S H SB GA TA FO MP PP MP PK MP
------------------------------------------------------------------------------------
Artemi Panarin 0 0 0 0 0 3 4 0 0 1 1/1 21:06 2:55 0:37
Ben Smith 1 0 1 0 0 4 0 0 0 0 0/1 16:05 2:21 0:00
Blake Comeau 0 0 0 1 0 1 0 0 0 0 0/0 11:24 0:38 0:00
Braydon Coburn 1 0 1 2 0 3 0 3 0 2 0/0 22:02 1:48 2:36
Claude Giroux 0 1 1 0 0 2 2 2 2 0 4/7 23:50 2:58 3:18
Eric Nystrom 0 1 1 1 0 3 0 0 0 0 0/0 11:22 0:32 0:04
Fabian Brunnstrom 0 0 0 0 0 3 5 0 0 0 0/1 16:05 2:21 0:00
Gilbert Brule 0 1 1 1 0 4 1 0 0 0 2/6 14:15 2:47 0:37
Jeremy Morin 1 0 1 2 0 1 2 0 1 1 0/0 7:58 0:00 0:00
John Klingberg 0 0 0 1 2 1 0 2 1 1 0/0 23:13 3:33 0:00
Jordan Staal 1 0 1 0 0 5 2 0 1 1 15/26 23:55 3:01 3:20
Marc-Édouard Vlasic 0 0 0 2 0 2 2 1 2 0 0/0 16:42 1:48 0:00
Mark Scheifele 0 1 1 0 0 0 3 0 0 3 6/16 14:00 0:18 0:00
Ryan Parent 0 1 1 0 0 2 0 0 0 0 0/0 15:04 0:36 1:39
T.J Galiardi 1 1 2 2 0 3 1 0 0 0 0/0 7:58 0:00 0:00
Taylor Chorney 0 0 0 0 0 1 1 0 0 0 0/0 16:20 0:36 3:12
Tobias Enstrom 0 0 0 1 0 0 1 1 0 1 0/0 26:44 3:33 0:29
Zac Dalpe 0 0 0 2 0 1 1 0 0 1 3/3 7:58 0:00 0:00
Players Stats for Bruins
Player Name G A P +/- PIM S H SB GA TA FO MP PP MP PK MP
------------------------------------------------------------------------------------
Andrew Alberts 0 0 0 -4 0 0 0 0 0 0 0/0 19:22 1:06 2:26
Cam Fowler 0 0 0 -4 0 2 1 1 0 2 0/0 19:22 1:06 2:26
Casey Cizikas 0 0 0 -1 0 0 1 0 1 0 1/1 8:42 0:00 0:37
Dave Bolland 0 0 0 -1 0 2 0 0 1 0 3/6 12:25 1:47 0:00
Henrik Sedin 0 2 2 2 0 2 0 1 0 0 14/32 22:41 1:54 3:00
Jason Demers 0 0 0 1 0 1 3 3 1 2 0/0 30:13 2:52 3:31
Kevin Bieksa 0 0 0 0 0 1 0 0 0 1 0/0 13:17 2:52 0:00
Kris Chucko 0 0 0 -1 2 0 2 1 0 0 1/1 10:15 0:00 1:02
Matt Cooke 0 0 0 -1 2 2 2 0 0 0 0/0 7:37 0:00 0:56
Nate Prosser 0 0 0 0 0 0 0 1 0 0 0/0 10:25 0:00 0:00
Nathan Horton 1 1 2 2 0 3 0 0 1 1 1/1 21:06 1:54 1:24
Nikolai Zherdev 0 0 0 0 2 0 1 0 1 0 0/0 7:52 0:00 0:00
Rene Bourque 0 0 0 -1 0 2 2 0 0 1 0/1 12:43 0:00 2:07
Shane O'Brien 0 0 0 1 0 0 0 0 0 0 0/0 27:21 0:00 3:31
Tim Connolly 0 0 0 -3 0 0 1 1 1 0 9/14 15:40 2:04 0:00
Victor Oreskovich 0 0 0 -4 0 2 4 0 0 0 0/0 17:31 2:04 0:00
Viktor Stalberg 0 0 0 -3 0 4 0 0 1 0 1/3 13:50 0:17 0:00
Wojtek Wolski 1 1 2 2 0 8 0 1 4 0 0/2 23:38 1:54 2:48
3 Stars
1 - T.J Galiardi (Tor)
2 - Jeremy Morin (Tor)
3 - Braydon Coburn (Tor)
Power Play
Maple Leafs - 0 on 3 Attempt(s) - 0.00%
Bruins - 0 on 2 Attempt(s) - 0.00%
Penalty Kill
Maple Leafs - 2 on 2 Attempt(s) - 100.00%
- Score 0 goal in Penalty Kill
Bruins - 3 on 3 Attempt(s) - 100.00%
- Score 0 goal in Penalty Kill
Team Stat
Maple Leafs - Hits : 25 - Faceoff Wins : 31 - Blocked Shots : 9 - Penalty Minutes : 4
Bruins - Hits : 17 - Faceoff Wins : 30 - Blocked Shots : 9 - Penalty Minutes : 6
Official
Referees : Unknown
Linesman : Unknown
Game Notes
Matt Cooke is injured at 16:03 of 2nd period (Left Knee)
Finance
Level 1 -- Attendance: 4300 (71.67%) -- Ticket Income $447,200
Level 2 -- Attendance: 3554 (71.08%) -- Ticket Income $227,456
Level 3 -- Attendance: 1829 (91.45%) -- Ticket Income $62,186
Level 4 -- Attendance: 3705 (92.63%) -- Ticket Income $88,920
Luxury Box -- Attendance: 704 (70.40%) -- Ticket Income $136,576
Game was played at the TD Banknorth Garden.
Total Attendance: 14092 (78.29%)
Total Ticket Income: $962,338
Other Income: $144,351
Total Income: $1,106,689
Maple Leafs
5 vs 5 Forward
Center Left Wing Right Wing Time % Phy DF OF
1 Jordan Staal Artemi Panarin Claude Giroux 40 1 2 2
2 Mark Scheifele Fabian Brunnstrom Ben Smith 30 1 2 2
3 Gilbert Brule Eric Nystrom Blake Comeau 20 1 2 2
4 Zac Dalpe T.J Galiardi Jeremy Morin 10 1 2 2
5 vs 5 Defense
Defense Defense Time % Phy DF OF
1 Tobias Enstrom John Klingberg 40 1 2 2
2 Braydon Coburn Marc-Édouard Vlasic 30 1 2 2
3 Taylor Chorney Ryan Parent 20 1 2 2
4 Tobias Enstrom Braydon Coburn 10 1 2 2
PowerPlay Forward
Center Left Wing Right Wing Time % Phy DF OF
1 Jordan Staal Artemi Panarin Claude Giroux 60 1 2 2
2 Gilbert Brule Fabian Brunnstrom Ben Smith 40 1 2 2
PowerPlay Defense
Defense Defense Time % Phy DF OF
1 Tobias Enstrom John Klingberg 60 1 2 2
2 Marc-Édouard Vlasic Braydon Coburn 40 1 2 2
Penalty Kill 4 Players Forward
Center Wing Time % Phy DF OF
1 Claude Giroux Jordan Staal 60 1 2 2
2 Gilbert Brule Artemi Panarin 40 1 2 2
Penalty Kill 4 Players Defense
Defense Defense Time % Phy DF OF
1 Taylor Chorney Braydon Coburn 60 1 2 2
2 Tobias Enstrom Ryan Parent 40 1 2 2
Penalty Kill - 3 Players Forward
Forward Time % Phy DF OF
1 Claude Giroux 60 1 2 2
2 Jordan Staal 40 1 2 2
Penalty Kill - 3 Players Defense
Defense Defense Time % Phy DF OF
1 Taylor Chorney Braydon Coburn 60 1 2 2
2 Tobias Enstrom Ryan Parent 40 1 2 2
4 vs 4 Forward
Center Wing Time % Phy DF OF
1 Claude Giroux Jordan Staal 60 1 2 2
2 Gilbert Brule Artemi Panarin 40 1 2 2
4 vs 4 Defense
Defense Defense Time % Phy DF OF
1 Tobias Enstrom Braydon Coburn 60 1 2 2
2 Taylor Chorney Ryan Parent 40 1 2 2
Last Minutes Offensive
Center Left Wing Right Wing Defense Defense
Jordan Staal Artemi Panarin Claude Giroux Tobias Enstrom John Klingberg
Last Minutes Defensive
Center Left Wing Right Wing Defense Defense
Jordan Staal Artemi Panarin Claude Giroux Taylor Chorney Braydon Coburn
Goaltenders
Starting : Marc-André Fleury
Backup : Thomas McCollum
Extra Forwards
Normal : Mark Scheifele, Ben Smith, Eric Nystrom - PP : Mark Scheifele, Ben Smith - PK : Eric Nystrom
Extra Defensemen
Normal : Marc-Édouard Vlasic, John Klingberg, Taylor Chorney - PP : Marc-Édouard Vlasic - PK : Ryan Parent, Taylor Chorney
Penalty Shots
Claude Giroux, Jordan Staal, Gilbert Brule, Artemi Panarin, Fabian Brunnstrom
Scratches
Alex Killorn (Healthy)
Bruins
5 vs 5 Forward
Center Left Wing Right Wing Time % Phy DF OF
1 Henrik Sedin Wojtek Wolski Nathan Horton 40 0 2 3
2 Tim Connolly Viktor Stalberg Victor Oreskovich 30 0 2 3
3 Dave Bolland Matt Cooke Rene Bourque 20 0 2 3
4 Casey Cizikas Kris Chucko Nikolai Zherdev 10 0 2 3
5 vs 5 Defense
Defense Defense Time % Phy DF OF
1 Jason Demers Shane O'Brien 40 0 3 2
2 Andrew Alberts Cam Fowler 30 0 3 2
3 Nate Prosser Kevin Bieksa 20 1 2 2
4 Jason Demers Shane O'Brien 10 1 2 2
PowerPlay Forward
Center Left Wing Right Wing Time % Phy DF OF
1 Henrik Sedin Wojtek Wolski Nathan Horton 60 0 1 4
2 Tim Connolly Matt Cooke Victor Oreskovich 40 0 1 4
PowerPlay Defense
Defense Defense Time % Phy DF OF
1 Jason Demers Kevin Bieksa 60 0 2 3
2 Andrew Alberts Cam Fowler 40 0 2 3
Penalty Kill 4 Players Forward
Center Wing Time % Phy DF OF
1 Henrik Sedin Wojtek Wolski 60 0 4 1
2 Nathan Horton Matt Cooke 40 0 4 1
Penalty Kill 4 Players Defense
Defense Defense Time % Phy DF OF
1 Jason Demers Shane O'Brien 60 1 4 0
2 Andrew Alberts Cam Fowler 40 1 4 0
Penalty Kill - 3 Players Forward
Forward Time % Phy DF OF
1 Wojtek Wolski 60 0 5 0
2 Nathan Horton 40 0 5 0
Penalty Kill - 3 Players Defense
Defense Defense Time % Phy DF OF
1 Jason Demers Shane O'Brien 60 0 5 0
2 Andrew Alberts Cam Fowler 40 0 5 0
4 vs 4 Forward
Center Wing Time % Phy DF OF
1 Wojtek Wolski Henrik Sedin 60 0 2 3
2 Tim Connolly Nathan Horton 40 0 2 3
4 vs 4 Defense
Defense Defense Time % Phy DF OF
1 Jason Demers Shane O'Brien 60 0 3 2
2 Andrew Alberts Cam Fowler 40 0 3 2
Last Minutes Offensive
Center Left Wing Right Wing Defense Defense
Henrik Sedin Wojtek Wolski Nathan Horton Jason Demers Kevin Bieksa
Last Minutes Defensive
Center Left Wing Right Wing Defense Defense
Henrik Sedin Wojtek Wolski Nathan Horton Jason Demers Andrew Alberts
Goaltenders
Starting : Kevin Poulin
Backup : Craig Anderson
Extra Forwards
Normal : Victor Oreskovich, Wojtek Wolski, Henrik Sedin - PP : Dave Bolland, Viktor Stalberg - PK : Rene Bourque
Extra Defensemen
Normal : Cam Fowler, Jason Demers, Andrew Alberts - PP : Nate Prosser - PK : Cam Fowler, Andrew Alberts
Penalty Shots
Nathan Horton, Viktor Stalberg, Wojtek Wolski, Nikolai Zherdev, Rene Bourque
Scratches
None
% Time on Ice - Maple Leafs
Lines # - Real PCT - Wanted PCT - Time Play
Normal Forward
1 - 35% - 40% - 17:36
2 - 28% - 30% - 13:47
3 - 21% - 20% - 10:44
4 - 16% - 10% - 7:58
Normal Defense
1 - 39% - 40% - 19:38
2 - 30% - 30% - 15:14
3 - 25% - 20% - 12:29
4 - 5% - 10% - 2:44
PP Forward
1 - 53% - 60% - 3:10
2 - 47% - 40% - 2:47
PP Defense
1 - 70% - 60% - 4:09
2 - 30% - 40% - 1:48
PK Forward
1 - 84% - 60% - 3:21
2 - 16% - 40% - 0:37
PK Defense
1 - 58% - 60% - 2:19
2 - 42% - 40% - 1:39
PK3 Forward
1 - 0% - 60%
2 - 0% - 40%
PK3 Defense
1 - 0% - 60%
2 - 0% - 40%
44 Forward
1 - 0% - 60%
2 - 0% - 40%
44 Defense
1 - 0% - 60%
2 - 0% - 40%
Last Minute Offensive - 0:00
Last Minute Defensive - 0:00
Total
Forward - 60:00
Defense - 60:00
|
% Time on Ice - Bruins
Lines # - Real PCT - Wanted PCT - Time Play
Normal Forward
1 - 36% - 40% - 18:01
2 - 27% - 30% - 13:46
3 - 21% - 20% - 10:35
4 - 15% - 10% - 7:43
Normal Defense
1 - 40% - 40% - 20:15
2 - 32% - 30% - 15:50
3 - 21% - 20% - 10:25
4 - 7% - 10% - 3:35
PP Forward
1 - 48% - 60% - 1:54
2 - 52% - 40% - 2:04
PP Defense
1 - 72% - 60% - 2:52
2 - 28% - 40% - 1:06
PK Forward
1 - 76% - 60% - 4:33
2 - 24% - 40% - 1:24
PK Defense
1 - 59% - 60% - 3:31
2 - 41% - 40% - 2:26
PK3 Forward
1 - 0% - 60%
2 - 0% - 40%
PK3 Defense
1 - 0% - 60%
2 - 0% - 40%
44 Forward
1 - 0% - 60%
2 - 0% - 40%
44 Defense
1 - 0% - 60%
2 - 0% - 40%
Last Minute Offensive - 0:00
Last Minute Defensive - 0:00
Total
Forward - 60:00
Defense - 60:00
|
Play by Play
1st period
0:01 of 1st period - Henrik Sedin wins face-off versus Jordan Staal in neutral zone.
0:04 of 1st period - Claude Giroux is hit by Jason Demers and loses puck.
0:30 of 1st period - Wrist shot by Ben Smith.
0:30 of 1st period - Shot Misses the Net.
0:32 of 1st period - Slapshot by Braydon Coburn.
0:32 of 1st period - Deflect By Jason Demers.
0:32 of 1st period - Stopped by Kevin Poulin with a rebound.
0:34 of 1st period - Slapshot by Braydon Coburn.
0:34 of 1st period - Shot Blocked by Jason Demers.
0:36 of 1st period - Slapshot by Ben Smith.
0:36 of 1st period - Deflect By Fabian Brunnstrom.
0:36 of 1st period - Stopped by Kevin Poulin with a rebound.
0:59 of 1st period - Snap shot by Dave Bolland.
0:59 of 1st period - Shot Blocked by Marc-Édouard Vlasic.
1:37 of 1st period - Snap shot by Wojtek Wolski.
1:37 of 1st period - Stopped by Marc-André Fleury with a rebound.
1:55 of 1st period - Kevin Bieksa is hit by Fabian Brunnstrom and loses puck.
2:00 of 1st period - Slapshot by Ben Smith.
2:00 of 1st period - Shot Misses the Net.
2:02 of 1st period - Slapshot by Ryan Parent.
2:02 of 1st period - Shot Misses the Net.
2:04 of 1st period - Snap shot by Taylor Chorney.
2:04 of 1st period - Stopped by Kevin Poulin without a rebound.
2:05 of 1st period - Gilbert Brule wins face-off versus Henrik Sedin in Bruins zone.
2:20 of 1st period - Snap shot by Eric Nystrom.
2:20 of 1st period - Stopped by Kevin Poulin with a rebound.
3:57 of 1st period - Wrist shot by Dave Bolland.
3:57 of 1st period - Shot Misses the Net.
5:22 of 1st period - Wrist shot by Jordan Staal.
5:22 of 1st period - Stopped by Kevin Poulin without a rebound.
5:23 of 1st period - Jordan Staal wins face-off versus Tim Connolly in Bruins zone.
5:24 of 1st period - Wrist shot by Claude Giroux.
5:24 of 1st period - Shot Misses the Net.
6:06 of 1st period - Wrist shot by Artemi Panarin.
6:06 of 1st period - Shot Misses the Net.
6:08 of 1st period - Slapshot by Braydon Coburn.
6:08 of 1st period - Deflect By Jason Demers.
6:08 of 1st period - Stopped by Kevin Poulin without a rebound.
6:09 of 1st period - Henrik Sedin wins face-off versus Mark Scheifele in Bruins zone.
6:09 of 1st period - Henrik Sedin is hit by Fabian Brunnstrom.
6:22 of 1st period - Icing by Ben Smith.
6:23 of 1st period - Henrik Sedin wins face-off versus Mark Scheifele in Maple Leafs zone.
6:37 of 1st period - Icing by Shane O'Brien.
6:38 of 1st period - Jordan Staal wins face-off versus Henrik Sedin in Bruins zone.
6:45 of 1st period - Wrist shot by Wojtek Wolski.
6:45 of 1st period - Deflect By Henrik Sedin.
6:45 of 1st period - Shot Misses the Net.
6:45 of 1st period - Puck is out of play.
6:46 of 1st period - Jordan Staal wins face-off versus Henrik Sedin in Maple Leafs zone.
6:59 of 1st period - Wrist shot by Wojtek Wolski.
6:59 of 1st period - Stopped by Marc-André Fleury without a rebound.
7:00 of 1st period - Gilbert Brule wins face-off versus Tim Connolly in Maple Leafs zone.
7:32 of 1st period - Wrist shot by Wojtek Wolski.
7:32 of 1st period - Shot Misses the Net.
7:42 of 1st period - Slapshot by Tobias Enstrom.
7:42 of 1st period - Shot Misses the Net.
7:54 of 1st period - Taylor Chorney is hit by Rene Bourque and loses puck.
8:05 of 1st period - Wrist shot by Dave Bolland.
8:05 of 1st period - Stopped by Marc-André Fleury with a rebound.
8:23 of 1st period - Snap shot by Zac Dalpe.
8:23 of 1st period - Stopped by Kevin Poulin with a rebound.
8:43 of 1st period - Shane O'Brien is hit by Taylor Chorney and loses puck.
10:10 of 1st period - Wrist shot by Eric Nystrom.
10:10 of 1st period - Shot Misses the Net.
10:12 of 1st period - Slapshot by Ryan Parent.
10:12 of 1st period - Stopped by Kevin Poulin without a rebound.
10:13 of 1st period - Jordan Staal wins face-off versus Tim Connolly in Bruins zone.
10:20 of 1st period - Snap shot by Claude Giroux.
10:20 of 1st period - Stopped by Kevin Poulin without a rebound.
10:21 of 1st period - Jordan Staal wins face-off versus Viktor Stalberg in Bruins zone.
10:42 of 1st period - Backhand shot by Claude Giroux.
10:42 of 1st period - Shot Hit the Post.
10:50 of 1st period - Slapshot by Tim Connolly.
10:50 of 1st period - Shot Misses the Net.
10:52 of 1st period - Snap shot by Victor Oreskovich.
10:52 of 1st period - Shot Misses the Net.
11:18 of 1st period - Snap shot by Viktor Stalberg.
11:18 of 1st period - Stopped by Marc-André Fleury without a rebound.
11:19 of 1st period - Mark Scheifele wins face-off versus Henrik Sedin in Maple Leafs zone.
11:44 of 1st period - Jason Demers is hit by Jeremy Morin and loses puck.
12:20 of 1st period - Off-side.
12:21 of 1st period - Zac Dalpe wins face-off versus Henrik Sedin in neutral zone.
12:28 of 1st period - Wojtek Wolski is hit by T.J Galiardi and loses puck.
12:51 of 1st period - Wrist shot by Ben Smith.
12:51 of 1st period - Stopped by Kevin Poulin without a rebound.
12:52 of 1st period - Dave Bolland wins face-off versus Mark Scheifele in Bruins zone.
12:54 of 1st period - Minor Penalty to Matt Cooke for Tripping.
12:55 of 1st period - Henrik Sedin wins face-off versus Jordan Staal in Bruins zone.
14:54 of 1st period - Penalty to Matt Cooke is over, Matt Cooke is back on ice.
14:58 of 1st period - Ben Smith is hit by Casey Cizikas and loses puck.
15:15 of 1st period - Wrist shot by T.J Galiardi.
15:15 of 1st period - Goal by T.J Galiardi - Maple Leafs : 1 - Bruins : 0.
15:16 of 1st period - Jordan Staal wins face-off versus Henrik Sedin in neutral zone.
16:29 of 1st period - Snap shot by Tobias Enstrom.
16:29 of 1st period - Shot Misses the Net.
16:51 of 1st period - Wrist shot by John Klingberg.
16:51 of 1st period - Shot Misses the Net.
16:53 of 1st period - Snap shot by Artemi Panarin.
16:53 of 1st period - Shot Blocked by Nate Prosser.
17:11 of 1st period - Slapshot by Matt Cooke.
17:11 of 1st period - Stopped by Marc-André Fleury with a rebound.
17:13 of 1st period - Slapshot by Kevin Bieksa.
17:13 of 1st period - Shot Blocked by Braydon Coburn.
17:15 of 1st period - Wrist shot by Rene Bourque.
17:15 of 1st period - Stopped by Marc-André Fleury with a rebound.
17:31 of 1st period - Snap shot by Wojtek Wolski.
17:31 of 1st period - Shot Hit the Post.
17:33 of 1st period - Slapshot by Henrik Sedin.
17:33 of 1st period - Shot Blocked by Braydon Coburn.
17:35 of 1st period - Wrist shot by Nathan Horton.
17:35 of 1st period - Shot Misses the Net.
17:37 of 1st period - Snap shot by Wojtek Wolski.
17:37 of 1st period - Stopped by Marc-André Fleury with a rebound.
17:39 of 1st period - Snap shot by Henrik Sedin.
17:39 of 1st period - Stopped by Marc-André Fleury without a rebound.
17:40 of 1st period - Tim Connolly wins face-off versus Jordan Staal in Maple Leafs zone.
17:57 of 1st period - Wrist shot by Tim Connolly.
17:57 of 1st period - Shot Misses the Net.
18:09 of 1st period - Slapshot by Henrik Sedin.
18:09 of 1st period - Deflect By Nathan Horton.
18:09 of 1st period - Goal by Nathan Horton - Maple Leafs : 1 - Bruins : 1.
18:10 of 1st period - Jordan Staal wins face-off versus Henrik Sedin in neutral zone.
18:35 of 1st period - Marc-Édouard Vlasic is hit by Jason Demers and loses puck.
18:58 of 1st period - Off-side.
18:59 of 1st period - Dave Bolland wins face-off versus Gilbert Brule in neutral zone.
19:02 of 1st period - Gilbert Brule is hit by Matt Cooke.
19:37 of 1st period - Snap shot by Gilbert Brule.
19:37 of 1st period - Stopped by Kevin Poulin with a rebound.
19:39 of 1st period - Snap shot by Eric Nystrom.
19:39 of 1st period - Stopped by Kevin Poulin without a rebound.
19:40 of 1st period - Henrik Sedin wins face-off versus Jordan Staal in Bruins zone.
Goals for this period are 1 for Maple Leafs vs 1 for Bruins.
Shots for this period are 13 for Maple Leafs vs 9 for Bruins.
2nd period
0:01 of 2nd period - Henrik Sedin wins face-off versus Fabian Brunnstrom in neutral zone.
0:08 of 2nd period - Snap shot by Henrik Sedin.
0:08 of 2nd period - Stopped by Marc-André Fleury without a rebound.
0:09 of 2nd period - Henrik Sedin wins face-off versus Mark Scheifele in Maple Leafs zone.
0:18 of 2nd period - Nathan Horton is hit by Fabian Brunnstrom and loses puck.
0:36 of 2nd period - Snap shot by Jason Demers.
0:36 of 2nd period - Stopped by Marc-André Fleury without a rebound.
0:37 of 2nd period - Tim Connolly wins face-off versus Claude Giroux in Maple Leafs zone.
1:04 of 2nd period - Taylor Chorney is hit by Kris Chucko and loses puck.
1:13 of 2nd period - Cam Fowler is hit by Artemi Panarin and loses puck.
1:28 of 2nd period - Wrist shot by Artemi Panarin.
1:28 of 2nd period - Stopped by Kevin Poulin without a rebound.
1:29 of 2nd period - Mark Scheifele wins face-off versus Henrik Sedin in Bruins zone.
1:38 of 2nd period - Wojtek Wolski is hit by Fabian Brunnstrom and loses puck.
1:55 of 2nd period - Fabian Brunnstrom is hit by Rene Bourque.
2:07 of 2nd period - Slapshot by Tobias Enstrom.
2:07 of 2nd period - Deflect By Ben Smith.
2:07 of 2nd period - Deflect By Matt Cooke.
2:07 of 2nd period - Shot Misses the Net.
2:07 of 2nd period - Puck is out of play.
2:08 of 2nd period - Henrik Sedin wins face-off versus Gilbert Brule in Bruins zone.
2:19 of 2nd period - Slapshot by Gilbert Brule.
2:19 of 2nd period - Deflect By Nathan Horton.
2:19 of 2nd period - Stopped by Kevin Poulin without a rebound.
2:20 of 2nd period - Nathan Horton wins face-off versus Jordan Staal in Bruins zone.
2:20 of 2nd period - Nathan Horton is hit by Jordan Staal.
3:12 of 2nd period - Wrist shot by Dave Bolland.
3:12 of 2nd period - Deflect By Matt Cooke.
3:12 of 2nd period - Stopped by Marc-André Fleury with a rebound.
3:14 of 2nd period - Snap shot by Rene Bourque.
3:14 of 2nd period - Shot Misses the Net.
3:16 of 2nd period - Snap shot by Dave Bolland.
3:16 of 2nd period - Stopped by Marc-André Fleury without a rebound.
3:17 of 2nd period - Henrik Sedin wins face-off versus Jordan Staal in Maple Leafs zone.
4:07 of 2nd period - Rene Bourque is hit by Gilbert Brule and loses puck.
4:16 of 2nd period - Slapshot by Gilbert Brule.
4:16 of 2nd period - Deflect By Eric Nystrom.
4:16 of 2nd period - Stopped by Kevin Poulin with a rebound.
4:28 of 2nd period - Wrist shot by T.J Galiardi.
4:28 of 2nd period - Stopped by Kevin Poulin without a rebound.
4:29 of 2nd period - Zac Dalpe wins face-off versus Henrik Sedin in Bruins zone.
4:30 of 2nd period - Slapshot by John Klingberg.
4:30 of 2nd period - Shot Blocked by Wojtek Wolski.
4:54 of 2nd period - Tim Connolly is hit by Claude Giroux and loses puck.
5:59 of 2nd period - Nathan Horton is hit by Artemi Panarin and loses puck.
6:10 of 2nd period - Slapshot by Claude Giroux.
6:10 of 2nd period - Deflect By Jordan Staal.
6:10 of 2nd period - Stopped by Kevin Poulin with a rebound.
6:26 of 2nd period - Slapshot by Cam Fowler.
6:26 of 2nd period - Deflect By Tobias Enstrom.
6:26 of 2nd period - Stopped by Marc-André Fleury with a rebound.
6:28 of 2nd period - Slapshot by Andrew Alberts.
6:28 of 2nd period - Deflect By Victor Oreskovich.
6:28 of 2nd period - Shot Blocked by John Klingberg.
6:28 of 2nd period - Puck is out of play.
6:29 of 2nd period - Tim Connolly wins face-off versus Mark Scheifele in Maple Leafs zone.
6:36 of 2nd period - Tim Connolly is hit by Fabian Brunnstrom.
7:01 of 2nd period - Snap shot by Gilbert Brule.
7:01 of 2nd period - Stopped by Kevin Poulin with a rebound.
7:03 of 2nd period - Wrist shot by Braydon Coburn.
7:03 of 2nd period - Goal by Braydon Coburn - Maple Leafs : 2 - Bruins : 1.
7:04 of 2nd period - Jordan Staal wins face-off versus Henrik Sedin in neutral zone.
7:13 of 2nd period - Snap shot by Nathan Horton.
7:13 of 2nd period - Stopped by Marc-André Fleury without a rebound.
7:14 of 2nd period - Jordan Staal wins face-off versus Henrik Sedin in Maple Leafs zone.
7:19 of 2nd period - Shane O'Brien is hit by Tobias Enstrom and loses puck.
7:44 of 2nd period - Wrist shot by Wojtek Wolski.
7:44 of 2nd period - Stopped by Marc-André Fleury with a rebound.
8:44 of 2nd period - Wrist shot by Jordan Staal.
8:44 of 2nd period - Shot Misses the Net.
9:06 of 2nd period - Snap shot by Wojtek Wolski.
9:06 of 2nd period - Shot Blocked by John Klingberg.
9:34 of 2nd period - Snap shot by Artemi Panarin.
9:34 of 2nd period - Stopped by Kevin Poulin with a rebound.
9:47 of 2nd period - Off-side.
9:48 of 2nd period - Tim Connolly wins face-off versus Mark Scheifele in neutral zone.
9:56 of 2nd period - Snap shot by Marc-Édouard Vlasic.
9:56 of 2nd period - Stopped by Kevin Poulin with a rebound.
9:58 of 2nd period - Wrist shot by Fabian Brunnstrom.
9:58 of 2nd period - Deflect By Ben Smith.
9:58 of 2nd period - Stopped by Kevin Poulin without a rebound.
9:59 of 2nd period - Mark Scheifele wins face-off versus Tim Connolly in Bruins zone.
10:00 of 2nd period - Snap shot by Ben Smith.
10:00 of 2nd period - Goal by Ben Smith - Maple Leafs : 3 - Bruins : 1.
10:01 of 2nd period - Mark Scheifele wins face-off versus Viktor Stalberg in neutral zone.
10:32 of 2nd period - Snap shot by Nikolai Zherdev.
10:32 of 2nd period - Shot Blocked by Braydon Coburn.
10:34 of 2nd period - Wrist shot by Cam Fowler.
10:34 of 2nd period - Stopped by Marc-André Fleury with a rebound.
11:00 of 2nd period - Wrist shot by Rene Bourque.
11:00 of 2nd period - Shot Misses the Net.
11:14 of 2nd period - Wrist shot by Viktor Stalberg.
11:14 of 2nd period - Stopped by Marc-André Fleury with a rebound.
11:16 of 2nd period - Wrist shot by Viktor Stalberg.
11:16 of 2nd period - Stopped by Marc-André Fleury with a rebound.
11:28 of 2nd period - Snap shot by Gilbert Brule.
11:28 of 2nd period - Stopped by Kevin Poulin with a rebound.
12:02 of 2nd period - Minor Penalty to Kris Chucko for High sticking.
12:03 of 2nd period - Henrik Sedin wins face-off versus Jordan Staal in Bruins zone.
13:14 of 2nd period - Gilbert Brule is hit by Matt Cooke and loses puck.
14:02 of 2nd period - Penalty to Kris Chucko is over, Kris Chucko is back on ice.
14:16 of 2nd period - Zac Dalpe is hit by Tim Connolly and loses puck.
14:29 of 2nd period - Slapshot by Jason Demers.
14:29 of 2nd period - Shot Misses the Net.
14:37 of 2nd period - Marc-Édouard Vlasic is hit by Kris Chucko and loses puck.
14:52 of 2nd period - Wrist shot by Marc-Édouard Vlasic.
14:52 of 2nd period - Stopped by Kevin Poulin without a rebound.
14:53 of 2nd period - Tim Connolly wins face-off versus Mark Scheifele in Bruins zone.
14:58 of 2nd period - Mark Scheifele is hit by Victor Oreskovich and loses puck.
15:43 of 2nd period - Nathan Horton is hit by Artemi Panarin and loses puck.
15:48 of 2nd period - Wrist shot by Claude Giroux.
15:48 of 2nd period - Stopped by Kevin Poulin with a rebound.
16:02 of 2nd period - Matt Cooke is hit by Mark Scheifele.
16:03 of 2nd period - Matt Cooke from Bruins is injured at 16:03 of 2nd period (Left Knee).
16:04 of 2nd period - Artemi Panarin wins face-off versus Henrik Sedin in Bruins zone.
16:29 of 2nd period - John Klingberg is hit by Victor Oreskovich and loses puck.
16:34 of 2nd period - Backhand shot by Viktor Stalberg.
16:34 of 2nd period - Stopped by Marc-André Fleury without a rebound.
16:34 of 2nd period - Minor Penalty to Marc-André Fleury for Delaying the game.
16:35 of 2nd period - Claude Giroux wins face-off versus Henrik Sedin in Maple Leafs zone.
16:44 of 2nd period - Backhand shot by Kevin Bieksa.
16:44 of 2nd period - Shot Blocked by Claude Giroux.
16:46 of 2nd period - Slapshot by Kevin Bieksa.
16:46 of 2nd period - Stopped by Marc-André Fleury without a rebound.
16:47 of 2nd period - Henrik Sedin wins face-off versus Jordan Staal in Maple Leafs zone.
16:52 of 2nd period - Wrist shot by Nathan Horton.
16:52 of 2nd period - Shot Misses the Net.
16:54 of 2nd period - Wrist shot by Jason Demers.
16:54 of 2nd period - Deflect By Henrik Sedin.
16:54 of 2nd period - Shot Misses the Net.
16:54 of 2nd period - Puck is out of play.
16:55 of 2nd period - Claude Giroux wins face-off versus Wojtek Wolski in Maple Leafs zone.
17:40 of 2nd period - Snap shot by Victor Oreskovich.
17:40 of 2nd period - Stopped by Marc-André Fleury without a rebound.
17:41 of 2nd period - Tim Connolly wins face-off versus Claude Giroux in Maple Leafs zone.
18:20 of 2nd period - Slapshot by Dave Bolland.
18:20 of 2nd period - Shot Misses the Net.
18:34 of 2nd period - Penalty to Tobias Enstrom is over, Tobias Enstrom is back on ice.
18:34 of 2nd period - Slapshot by Tim Connolly.
18:34 of 2nd period - Shot Misses the Net.
18:36 of 2nd period - Slapshot by Shane O'Brien.
18:36 of 2nd period - Deflect By Dave Bolland.
18:36 of 2nd period - Shot Blocked by Tobias Enstrom.
18:36 of 2nd period - Puck is out of play.
18:37 of 2nd period - Henrik Sedin wins face-off versus Mark Scheifele in Maple Leafs zone.
18:46 of 2nd period - Wrist shot by Nathan Horton.
18:46 of 2nd period - Stopped by Marc-André Fleury with a rebound.
18:48 of 2nd period - Slapshot by Shane O'Brien.
18:48 of 2nd period - Shot Misses the Net.
18:58 of 2nd period - Minor Penalty to John Klingberg for Delaying the game.
18:59 of 2nd period - Henrik Sedin wins face-off versus Claude Giroux in Maple Leafs zone.
19:00 of 2nd period - Wrist shot by Wojtek Wolski.
19:00 of 2nd period - Shot Misses the Net.
19:02 of 2nd period - Wrist shot by Wojtek Wolski.
19:02 of 2nd period - Stopped by Marc-André Fleury without a rebound.
19:03 of 2nd period - Claude Giroux wins face-off versus Henrik Sedin in Maple Leafs zone.
Goals for this period are 2 for Maple Leafs vs 0 for Bruins.
Shots for this period are 14 for Maple Leafs vs 15 for Bruins.
3rd period
0:01 of 3rd period - Claude Giroux wins face-off versus Henrik Sedin in neutral zone.
0:58 of 3rd period - Penalty to John Klingberg is over, John Klingberg is back on ice.
1:14 of 3rd period - Slapshot by Ryan Parent.
1:14 of 3rd period - Stopped by Kevin Poulin without a rebound.
1:15 of 3rd period - Mark Scheifele wins face-off versus Henrik Sedin in Bruins zone.
1:16 of 3rd period - Slapshot by John Klingberg.
1:16 of 3rd period - Stopped by Kevin Poulin with a rebound.
2:19 of 3rd period - Slapshot by Wojtek Wolski.
2:19 of 3rd period - Shot Misses the Net.
2:21 of 3rd period - Snap shot by Henrik Sedin.
2:21 of 3rd period - Deflect By Wojtek Wolski.
2:21 of 3rd period - Goal by Wojtek Wolski - Maple Leafs : 3 - Bruins : 2.
2:22 of 3rd period - Tim Connolly wins face-off versus Jordan Staal in neutral zone.
3:14 of 3rd period - Off-side.
3:15 of 3rd period - Kris Chucko wins face-off versus Gilbert Brule in neutral zone.
3:46 of 3rd period - Off-side.
3:47 of 3rd period - Tim Connolly wins face-off versus Mark Scheifele in neutral zone.
4:04 of 3rd period - Slapshot by Fabian Brunnstrom.
4:04 of 3rd period - Stopped by Kevin Poulin with a rebound.
4:58 of 3rd period - Zac Dalpe is hit by Nikolai Zherdev and loses puck.
6:41 of 3rd period - Snap shot by Jordan Staal.
6:41 of 3rd period - Stopped by Kevin Poulin with a rebound.
6:55 of 3rd period - Casey Cizikas is hit by Jeremy Morin and loses puck.
7:02 of 3rd period - Ryan Parent is hit by Jason Demers and loses puck.
7:15 of 3rd period - Slapshot by Ben Smith.
7:15 of 3rd period - Stopped by Kevin Poulin without a rebound.
7:16 of 3rd period - Dave Bolland wins face-off versus Mark Scheifele in Bruins zone.
7:16 of 3rd period - Dave Bolland is hit by Marc-Édouard Vlasic.
8:20 of 3rd period - Icing by Zac Dalpe.
8:21 of 3rd period - Zac Dalpe wins face-off versus Dave Bolland in Maple Leafs zone.
8:32 of 3rd period - Slapshot by Andrew Alberts.
8:32 of 3rd period - Shot Blocked by Claude Giroux.
8:34 of 3rd period - Snap shot by Victor Oreskovich.
8:34 of 3rd period - Stopped by Marc-André Fleury with a rebound.
8:52 of 3rd period - Slapshot by Tobias Enstrom.
8:52 of 3rd period - Shot Blocked by Kris Chucko.
9:22 of 3rd period - Snap shot by Blake Comeau.
9:22 of 3rd period - Shot Misses the Net.
9:38 of 3rd period - Snap shot by T.J Galiardi.
9:38 of 3rd period - Stopped by Kevin Poulin with a rebound.
9:52 of 3rd period - Wrist shot by Claude Giroux.
9:52 of 3rd period - Shot Blocked by Tim Connolly.
10:16 of 3rd period - Shane O'Brien is hit by Mark Scheifele and loses puck.
10:23 of 3rd period - Snap shot by Ben Smith.
10:23 of 3rd period - Shot Misses the Net.
10:39 of 3rd period - Snap shot by Wojtek Wolski.
10:39 of 3rd period - Shot Misses the Net.
10:41 of 3rd period - Wrist shot by Wojtek Wolski.
10:41 of 3rd period - Stopped by Marc-André Fleury without a rebound.
10:42 of 3rd period - Jordan Staal wins face-off versus Dave Bolland in Maple Leafs zone.
10:47 of 3rd period - Dave Bolland is hit by Jordan Staal and loses puck.
11:08 of 3rd period - Taylor Chorney is hit by Cam Fowler and loses puck.
11:57 of 3rd period - Off-side.
11:58 of 3rd period - Casey Cizikas wins face-off versus Jordan Staal in neutral zone.
12:00 of 3rd period - Minor Penalty to Nikolai Zherdev for Hooking.
12:01 of 3rd period - Jordan Staal wins face-off versus Henrik Sedin in Bruins zone.
12:03 of 3rd period - Snap shot by Jordan Staal.
12:03 of 3rd period - Shot Blocked by Jason Demers.
12:05 of 3rd period - Snap shot by Jordan Staal.
12:05 of 3rd period - Stopped by Kevin Poulin with a rebound.
13:03 of 3rd period - Slapshot by Rene Bourque.
13:03 of 3rd period - Stopped by Marc-André Fleury with a rebound.
13:49 of 3rd period - Henrik Sedin is hit by Claude Giroux and loses puck.
14:00 of 3rd period - Penalty to Nikolai Zherdev is over, Nikolai Zherdev is back on ice.
14:17 of 3rd period - Taylor Chorney is hit by Victor Oreskovich and loses puck.
14:40 of 3rd period - Wrist shot by Eric Nystrom.
14:40 of 3rd period - Shot Misses the Net.
14:42 of 3rd period - Slapshot by Blake Comeau.
14:42 of 3rd period - Stopped by Kevin Poulin with a rebound.
14:44 of 3rd period - Slapshot by Taylor Chorney.
14:44 of 3rd period - Deflect By Mark Scheifele.
14:44 of 3rd period - Shot Misses the Net.
14:44 of 3rd period - Puck is out of play.
14:45 of 3rd period - Tim Connolly wins face-off versus Gilbert Brule in Bruins zone.
14:52 of 3rd period - Snap shot by Blake Comeau.
14:52 of 3rd period - Shot Blocked by Cam Fowler.
15:04 of 3rd period - Wrist shot by Jeremy Morin.
15:04 of 3rd period - Goal by Jeremy Morin - Maple Leafs : 4 - Bruins : 2.
15:05 of 3rd period - Jordan Staal wins face-off versus Dave Bolland in neutral zone.
15:22 of 3rd period - Slapshot by Jordan Staal.
15:22 of 3rd period - Goal by Jordan Staal - Maple Leafs : 5 - Bruins : 2.
15:23 of 3rd period - Jordan Staal wins face-off versus Henrik Sedin in neutral zone.
15:30 of 3rd period - Snap shot by John Klingberg.
15:30 of 3rd period - Deflect By Claude Giroux.
15:30 of 3rd period - Shot Misses the Net.
15:30 of 3rd period - Puck is out of play.
15:31 of 3rd period - Jordan Staal wins face-off versus Wojtek Wolski in Bruins zone.
15:38 of 3rd period - Wrist shot by Claude Giroux.
15:38 of 3rd period - Shot Blocked by Henrik Sedin.
15:40 of 3rd period - Wrist shot by Jordan Staal.
15:40 of 3rd period - Shot Misses the Net.
16:01 of 3rd period - Snap shot by Jordan Staal.
16:01 of 3rd period - Shot Blocked by Jason Demers.
16:03 of 3rd period - Snap shot by Jordan Staal.
16:03 of 3rd period - Shot Misses the Net.
16:34 of 3rd period - Wrist shot by Wojtek Wolski.
16:34 of 3rd period - Stopped by Marc-André Fleury without a rebound.
16:35 of 3rd period - Mark Scheifele wins face-off versus Tim Connolly in Maple Leafs zone.
16:35 of 3rd period - Mark Scheifele is hit by Victor Oreskovich.
16:49 of 3rd period - Snap shot by Fabian Brunnstrom.
16:49 of 3rd period - Shot Misses the Net.
16:55 of 3rd period - Tim Connolly is hit by Mark Scheifele and loses puck.
18:24 of 3rd period - Slapshot by Marc-Édouard Vlasic.
18:24 of 3rd period - Shot Misses the Net.
18:30 of 3rd period - Kris Chucko is hit by Marc-Édouard Vlasic and loses puck.
19:07 of 3rd period - Dave Bolland is hit by Zac Dalpe.
19:08 of 3rd period - Icing by Dave Bolland.
19:09 of 3rd period - Jordan Staal wins face-off versus Rene Bourque in Bruins zone.
19:14 of 3rd period - Wrist shot by Jordan Staal.
19:14 of 3rd period - Shot Misses the Net.
19:18 of 3rd period - Snap shot by Artemi Panarin.
19:18 of 3rd period - Stopped by Kevin Poulin without a rebound.
19:19 of 3rd period - Viktor Stalberg wins face-off versus Jordan Staal in Bruins zone.
19:19 of 3rd period - Viktor Stalberg is hit by Artemi Panarin.
19:48 of 3rd period - Off-side.
19:49 of 3rd period - Henrik Sedin wins face-off versus Ben Smith in neutral zone.
19:58 of 3rd period - Snap shot by Fabian Brunnstrom.
19:58 of 3rd period - Stopped by Kevin Poulin with a rebound.
Goals for this period are 2 for Maple Leafs vs 1 for Bruins.
Shots for this period are 12 for Maple Leafs vs 5 for Bruins.
Back to the Top